 Dungeon Crawl Stone Soup version 0.28.0-1-gb440e238dd (webtiles) character file.

Game seed: 7462565009515053752

22 lonewolfV2 the Skirmisher (level 2, 0/27 HPs)
             Began as a Hill Orc Fighter on Feb 20, 2022.
             Slain by a gnoll (4 damage)
             ... on level 2 of the Dungeon.
             The game lasted 00:00:42 (447 turns).

lonewolfV2 the Skirmisher (Hill Orc Fighter)         Turns: 447, Time: 00:00:43

Health: 0/27       AC:  6    Str: 18    XL:     2   Next: 91%
Magic:  2/2        EV:  9    Int:  8    God:
Gold:   22         SH:  4    Dex: 10    Spells: 1/1 levels left

rFire   . . .      SeeInvis .   a - +0 war axe
rCold   . . .      Faith    .   c - +0 buckler
rNeg    . . .      Spirit   .   b - +0 scale mail
rPois   .          Reflect  .   (no helmet)
rElec   .          Harm     .   (no cloak)
rCorr   .          Rampage  .   (no gloves)
Will    .....                   (no boots)
Stlth   ..........              (no amulet)
HPRegen 0.09/turn               (no ring)
MPRegen 0.08/turn               (no ring)

@: no status effects
A: no striking features
a: no special abilities


You were on level 2 of the Dungeon.
You visited 1 branch of the dungeon, and saw 2 of its levels.

You collected 22 gold pieces.

Inventory:

Hand Weapons
 a - a +0 war axe (weapon)
Armour
 b - a +0 scale mail (worn)
 c - a +0 buckler (worn)
Scrolls
 e - 4 scrolls of noise {unknown}
 f - a scroll of fear {unknown}
Potions
 d - a potion of might


   Skills:
 + Level 3.8 Fighting
 + Level 3.1 Axes
 + Level 3.6 Armour
 + Level 3.7 Shields


You had one spell level left.
You didn't know any spells.
Your spell library contained the following spells:

 Spells                   Type           Power      Damage    Failure   Level
 Dazzling Flash           Conj/Hex       0%         N/A       99%         3
 Agony                    Necr           0%         N/A       100%        5
 Silence                  Hex/Air        0%         N/A       100%        5


Dungeon Overview and Level Annotations

Branches:
Dungeon (2/15)

Altars:


Message History

The bat hits you but does no damage. The bat barely misses you.
The bat hits you but does no damage.
You slash the bat!
You kill the bat!
A gnoll comes into view. It is wielding a +0 flail.
A gnoll is nearby!
A gnoll is nearby!
A gnoll is nearby!
The gnoll shouts!
A gnoll comes into view. It is wielding a +0 club.
You see here a scroll labelled PAIXTIR MYQYSS.
The gnoll shouts!
The gnoll throws a throwing net.
The throwing net barely misses you.
A gnoll comes into view. It is wielding a +0 spear.
You hit the gnoll but do no damage. You barely miss the gnoll.
The gnoll completely misses you. x2
You hit the gnoll.
The gnoll is moderately wounded.
You hit the gnoll. The gnoll hits you with a +0 club!
The gnoll hits you from afar with a +0 spear.
You block the gnoll's attack. The gnoll hits you with a +0 club.
The gnoll barely misses you.
The gnoll hits you but does no damage. x2
You slash the gnoll!
You kill the gnoll!
You hit the gnoll but do no damage. You closely miss the gnoll.
The gnoll hits you with a +0 spear. The gnoll barely misses you.
The gnoll closely misses you.
Your Axes skill increases to level 3!
You block the gnoll's attack.
You see here a +0 club.
You hit the gnoll but do no damage.
The gnoll is moderately wounded.
You barely miss the gnoll. The gnoll hits you with a +0 flail!
* * * LOW HITPOINT WARNING * * *
The gnoll barely misses you.
You slash the gnoll!
You kill the gnoll!
You barely miss the gnoll. The gnoll hits you with a +0 spear.
You die...

... #.......# ##..
#.......# ....
........# #.. #.......#
####..##.......#
...............##
........g........
.......@).........
.................
#.###..#...####.#
........?.####.#
...............###
.......(..........
....##.##..##.#.## #
....... #........# .##.
.#.##.######....##..##.


You could see a gnoll.

Vanquished Creatures
  2 gnolls (D:2)
  3 bats
  2 endoplasms (D:1)
  A goblin (D:1)
  2 kobolds (D:1)
  A quokka (D:1)
  A rat (D:1)
12 creatures vanquished.

Notes
Turn   | Place    | Note
-------+----------+-------------------------------------------
     0 | D:1      | lonewolfV2 the Hill Orc Fighter began the quest for the
                  | Orb.
     0 | D:1      | Reached XP level 1. HP: 19/19 MP: 1/1
   249 | D:1      | Reached XP level 2. HP: 24/27 MP: 2/2
   323 | D:1      | Found a faded altar of an unknown god.
   447 | D:2      | Slain by a gnoll

Illustrated notes

Levels and vault maps discovered:
D:1:      psy_arrival_conway, layout_rooms, chequers_ecumenical_altar_island,
          minmay_misc_feat_nine_boxes
D:2:      layout_basic

Skill      XL: |  1  2 |
---------------+-------+-----
Axes           | 3 |  3.1
Fighting       | |  3.8
Armour         | |  3.6
Shields        | |  3.7

Action                   || total
-------------------------++-------
Melee: War axe           ||    29
Armor: Scale mail        ||    30
Dodge: Dodged            ||    29
Block: Buckler           ||    10
